 Dungeon Crawl Stone Soup version 0.21-a0-634-gaf8bc5d (webtiles) character file.

39 shenanigans the Charmwright (level 3, -7/29 HPs)
             Began as a Barachi Skald on Dec 29, 2017.
             Killed by divine providence
             ... invoked by an orc priest
              (11 damage)
             ... on level 2 of the Dungeon.
             The game lasted 00:02:42 (1743 turns).

shenanigans the Charmwright (Barachi Skald)         Turns: 1743, Time: 00:02:44

Health: -7/29      AC:  3    Str: 12    XL:     3   Next: 47%
Magic:  4/6        EV: 12    Int: 14    God:
Gold:   43         SH:  0    Dex: 11    Spells: 5/6 levels left

rFire    . . .     SeeInvis .   a - +0 hand axe
rCold    . . .     Gourm    .   (no shield)
rNeg     . . .     Faith    .   b - +0 leather armour
rPois    .         Spirit   .   (no helmet)
rElec    .         Reflect  .   (no cloak)
rCorr    .         Harm     .   (no gloves)
MR       .....                  (no boots)
Stlth    +.........             (no amulet)
HPRegen  0.09/turn              (no ring)
MPRegen  0.10/turn              (no ring)

@: lethally poisoned (-7 -> -14), infused, slow
A: +LOS, swims, slowness 1, strong legs 1
a: Hop


You were on level 2 of the Dungeon.
You were not hungry.

You visited 1 branch of the dungeon, and saw 2 of its levels.

You collected 43 gold pieces.

Inventory:

Hand Weapons
 a - a +0 hand axe (weapon)
Armour
 b - a +0 leather armour (worn)
Jewellery
 g - an uncursed ring of resist corrosion {unknown}
Scrolls
 f - 3 scrolls of blinking {unknown}
Potions
 e - 3 potions of heal wounds
 h - a potion of curing {unknown}
Books
 c - a book of Battle

   Spells                             Type                      Level
   a - Infusion                       Charms                       1
   b - Shroud of Golubria             Charms/Translocation         2
   c - Song of Slaying                Charms                       2
   d - Spectral Weapon                Hexes/Charms                 3
   e - Regeneration                   Charms/Necromancy            3


   Skills:
 + Level 3.1 Fighting
 + Level 2.7 Axes
 + Level 2.2 Armour
 + Level 2.8 Dodging
 - Level 2.1 Spellcasting
 - Level 3.2 Charms


You had 5 spell levels left.
You knew the following spells:

 Your Spells              Type           Power        Failure   Level  Hunger
a - Infusion              Chrm           ##..         8%          1    #......


Dungeon Overview and Level Annotations

Branches:
Dungeon (2/15)

Altars:


Innate Abilities, Weirdness & Mutations

Shadows flee at your approach. (+LOS)
You can swim through water.
You cover ground slowly.
You can hop short distances.


Message History

* * * LOW HITPOINT WARNING * * *
It was a potion of heal wounds.
You feel much better.
The orc priest hits you but does no damage.
You are poisoned.
You hit the orc priest but do no damage.
The orc priest is moderately wounded.
You feel sick. The orc priest barely misses you.
You completely miss the orc priest.
The orc priest is moderately wounded.
You feel sick.
The orc priest invokes the aid of Beogh against you.
Pain shoots through your body!
* * * LOW HITPOINT WARNING * * *
You hit the orc priest.
The orc priest is heavily wounded.
* * * LOW HITPOINT WARNING * * *
You feel sick.
The orc priest calls down the wrath of Beogh upon you.
Beogh smites you!
You die...

.. #.#.#...#
.....######.#.#...#.#
...o........#.....#.#
........#.........#)#
.o..###.#.####.####.#
.. #.#.# #....#.#
..#.# #.##.#.# ####o#
#.##.#.#
#.@#.#######.#.#
#o##.#.[.......#
#.##.#.#####.###
#.##.#.#.....#.#
#.†..#.#.......#
##########.....####
#........< #.########
#.#


You could see an orc priest.

Vanquished Creatures
  4 dart slugs
  A leopard gecko (D:1)
  A bat (D:1)
  2 giant cockroaches
  6 goblins (D:1)
  2 hobgoblins
  5 kobolds (D:1)
  3 frilled lizards (D:1)
  7 rats
31 creatures vanquished.

Notes
Turn   | Place    | Note
-------+----------+-------------------------------------------
     0 | D:1      | shenanigans the Barachi Skald began the quest for the Orb.
     0 | D:1      | Reached XP level 1. HP: 17/17 MP: 3/3
   108 | D:1      | Reached XP level 2. HP: 12/23 MP: 0/5
   525 | D:1      | Reached XP level 3. HP: 17/29 MP: 1/6
  1743 | D:2      | Killed from afar by an orc priest

Vault maps used:
D:1:      dpeg_arrival_signposts, grunt_decor_arrowhead,
          hangedman_decor_clover_reticule
D:2:      makhleb_blood_cavern_becter, minivault_4, lexackson_kobold_supper

Skill      XL: |  1  2 |
---------------+-------+-----
Armour         | 2 |  2.2
Fighting       | 3 |  3.1
Axes           | |  2.7
Dodging        | |  2.8
Spellcasting   | |  2.1
Charms         | |  3.2

Action                   || total
-------------------------++-------
Melee: Hand axe          ||   105
 Cast: Infusion          ||     6
  Use: Potion            ||     1
  Eat: Ration            ||     1
       Chunk             ||     1
Armor: Leather armour    ||    28
Dodge: Dodged            ||    54

Table legend:
 A = Spawn XP
 B = Non-spawn XP
 C = Spawn XP percentage of total XP
 D = Spawn monster count
 E = Non-spawn monster count
 F = Spawn count percentage of total count
 G = Total turns spent on level
                    A         B        C        D         E        F      G
               +---------+---------+-------+---------+---------+-------+---------
         Total |       0 |      57 |   0.0 |       0 |      31 |   0.0 |  1743
               +---------+---------+-------+---------+---------+-------+---------
           D:1 |       0 |      43 |   0.0 |       0 |      25 |   0.0 |  1496
           D:2 |       0 |      14 |   0.0 |       0 |       6 |   0.0 |   247
               +---------+---------+-------+---------+---------+-------+---------
